Map: Ulrena

Players

hKC

  • Race: Terran Terran

rairoswage

  • Race: Terran Terran

VOD

Have the link to the VOD?

Description

Time

  • Played on: Nov. 11, 2015, 2:38 a.m.
  • Length: 2:14
Show
View Real Time Build Order
Export as new Build Order

hKC Terran 

Build Orders:  

Get SALT Encoding   

  12  0:01  SCV  
  13  0:13  SCV  
  14  0:25  SCV  
  15  0:29  Supply Depot  
  15  0:33  Refinery  
  15  0:51  SCV  
  15  0:53  Barracks  
  16  1:03  SCV  
  17  1:21  SCV, Refinery  
  18  1:40  Reaper  
  18  1:41  Supply Depot  
  18  1:43  Orbital Command  
  19  1:59  Factory  
Show
View Real Time Build Order
Export as new Build Order

rairoswage Terran 

Build Orders:  

Get SALT Encoding   

  12  0:01  SCV  
  13  0:13  Supply Depot  
  13  0:18  SCV  
  14  0:30  SCV  
  15  0:37  Barracks  
  15  0:42  SCV  
  16  0:54  SCV  
  16  0:56  Barracks  
  17  1:06  SCV  
  18  1:16  Barracks  
  18  1:18  SCV  
  18  1:21  Supply Depot  
  19  1:25  Marine  
  20  1:36  Orbital Command  
  20  1:43  Marine x2  
  22  2:07  Supply Depot  
Tags
 
Matchup
TvT
Race
Terran
Add a new tag
Caveats
  • Supply blocks, unpowered buildings, or Contaminate may cause inaccurate times.
  • Supply counts are checked every 10 seconds.